Panthers vs Lightning

Created - Saturday, January 23, 2016 at 12:48

Goals
1 2 3 OT1 T
Panthers 1 1 1 1 4
Lightning 0 1 2 0 3
Shots
1 2 3 OT1 T
Panthers 11 13 8 1 33
Lightning 4 13 9 1 27

1st period

1. Panthers , Nino Niederreiter 19 (Ron Hainsey, Robert Bortuzzo) at 10:24 (PP)

Penalties :
Marc Methot (TB ) for Tripping (Minor) at 3:43, Ryan Nugent-Hopkins (TB ) for Tripping (Minor) at 8:34, Tyson Barrie (TB ) for Hooking (Minor) at 15:00, Jakob Silfverberg (Fla) for Holding (Minor) at 18:59

2nd period

2. Panthers , Curtis Lazar 3 (Ryan Johansen, Carlo Colaiacovo) at 12:37
3. Lightning , Derek MacKenzie 3 (Ryan Suter, Tyson Barrie) at 16:44

Penalties :
Charlie Coyle (Fla) for Hooking (Minor) at 6:35, Brandon Dubinsky (TB ) for Tripping (Minor) at 7:46, Tyson Barrie (TB ) for Hooking (Minor) at 10:19, Michael Stone (TB ) for Boarding (Minor) at 17:56, Ryan Johansen (Fla) for Hooking (Minor) at 19:57

3rd period

4. Lightning , Patric Hornqvist 25 (Ryan Nugent-Hopkins, Dmitry Kulikov) at 1:20 (PP)
5. Panthers , Nino Niederreiter 20 (Alex Galchenyuk, Lubomir Visnovsky) at 13:15
6. Lightning , Ryan Nugent-Hopkins 26 (Alexander Steen) at 17:38 (PP)

Penalties :
Marc Methot (TB ) for Cross-checking (Minor) at 1:44, Marc Methot (TB ) for Hooking (Minor) at 3:55, Simon Despres (Fla) for Slashing (Minor) at 17:30, Patric Hornqvist (TB ) for Cross-checking (Minor) at 18:02

Overtime #1

7. Panthers , Kevin Hayes 12 (Paul Byron) at 0:19

Penalties :
No Penalty

Goalie Stats

Michael Hutchinson (Fla), 24 saves from 27 shots - (0.889), W, 4-3-1, 60:19 minutes
Mike Smith (TB ), 29 saves from 33 shots - (0.879), OTL, 6-2-2, 60:19 minutes

Players Stats for Panthers

Player Name              G  A  P  +/- PIM S  H  SB GA TA FO     MP     PP MP  PK MP  
------------------------------------------------------------------------------------
Adam Larsson             0  0  0   0  0   0  0  0  0  0  0/0     0:00   0:00   0:00 
Alex Galchenyuk          0  1  1   1  0   0  2  0  1  1  0/1     8:10   0:00   0:00 
Brad Boyes               0  0  0   0  0   2  0  0  2  0  1/1    20:36   8:04   0:12 
Calvin de Haan           0  0  0   0  0   2  1  0  0  0  0/0    14:00   0:00   4:12 
Carlo Colaiacovo         0  1  1   0  0   3  2  0  1  0  0/0    21:45   7:33   0:00 
Charlie Coyle            0  0  0  -1  2   4  1  0  3  0  5/13   19:16   7:27   0:00 
Curtis Lazar             1  0  1   1  0   1  3  0  1  0  4/8     9:36   0:55   0:00 
Jakob Silfverberg        0  0  0  -1  2   0  1  0  2  0  1/1    11:39   0:00   0:00 
Jesper Fast              0  0  0   0  0   3  0  1  0  0  0/0     9:03   0:00   0:00 
Kevin Hayes              1  0  1   1  0   2  0  1  0  1  4/15   23:10   8:14   4:26 
Lubomir Visnovsky        0  1  1   0  0   0  1  3  0  0  0/0    13:17   0:00   0:00 
Nino Niederreiter        2  0  2   1  0   3  4  0  1  1  1/2    18:26   9:25   0:03 
Paul Byron               0  1  1   1  0   1  1  1  3  0  4/6    22:50   7:27   4:38 
Robert Bortuzzo          0  1  1   1  0   4  0  0  0  0  0/0    20:09   9:19   0:29 
Ron Hainsey              0  1  1   2  0   1  1  2  0  0  0/0    28:32   9:19   4:12 
Ryan Johansen            0  1  1   1  2   4  1  1  3  0  4/6    22:44   8:32   0:00 
Sean Bergenheim          0  0  0   1  0   1  1  0  2  0  0/0     9:36   0:32   0:03 
Simon Despres            0  0  0   1  2   2  4  0  1  1  0/0    22:54   7:33   0:29 

Players Stats for Lightning

Player Name              G  A  P  +/- PIM S  H  SB GA TA FO     MP     PP MP  PK MP  
------------------------------------------------------------------------------------
Alex Chiasson            0  0  0  -1  0   1  1  0  1  0  0/0     8:52   0:00   0:00 
Alexander Steen          0  1  1   0  0   1  0  0  0  0  0/0    13:25   2:31   0:20 
Brandon Dubinsky         0  0  0  -1  2   5  5  0  2  2  11/14  20:52   2:09   7:28 
Derek MacKenzie          1  0  1   0  0   2  0  0  0  1  10/14  15:29   0:00   8:14 
Dmitry Kulikov           0  1  1  -2  0   3  3  0  0  2  0/0    22:30   0:59   9:16 
Jiri Tlusty              0  0  0  -1  0   1  0  0  0  0  0/1     8:52   0:00   0:00 
John Mitchell            0  0  0  -1  0   2  0  0  0  0  2/5     8:52   0:00   0:00 
Leo Komarov              0  0  0   1  0   1  1  0  1  1  0/2    15:56   0:00   8:53 
Marc Methot              0  0  0   0  6   0  0  0  0  1  0/0    18:20   0:59   5:11 
Matt Calvert             0  0  0   0  0   0  1  1  0  0  0/1    17:21   0:00   8:09 
Michael Stone            0  0  0  -1  2   0  0  1  0  0  0/0    12:28   0:00   0:00 
Ondrej Palat             0  0  0   0  0   1  0  0  2  0  0/2    11:49   2:10   0:20 
Patric Hornqvist         1  0  1  -1  2   3  4  0  1  0  0/0    13:44   2:31   0:11 
Roman Polak              0  0  0  -3  0   3  3  0  1  5  0/0    23:12   0:00   9:10 
Ryan Nugent-Hopkins      1  1  2   0  2   3  3  0  0  0  6/14   14:03   2:31   0:11 
Ryan Strome              0  0  0   0  0   0  0  0  1  0  0/0    10:53   2:10   0:00 
Ryan Suter               0  1  1   1  0   1  2  2  1  1  0/0    28:09   3:42   9:31 
Tyson Barrie             0  1  1   0  4   0  1  1  0  0  0/0    18:38   3:42   0:40 

3 Stars

1 - Nino Niederreiter (Fla)
2 - Curtis Lazar (Fla)
3 - Ryan Nugent-Hopkins (TB )

Power Play

Panthers - 1 on 9 Attempt(s) - 11.11%
Lightning - 2 on 4 Attempt(s) - 50.00%

Penalty Kill

Panthers - 2 on 4 Attempt(s) - 50.00% - Score 0 goal in Penalty Kill
Lightning - 8 on 9 Attempt(s) - 88.89% - Score 0 goal in Penalty Kill

Team Stat

Panthers - Hits : 23 - Faceoff Wins : 24 - Blocked Shots : 9 - Penalty Minutes : 8
Lightning - Hits : 24 - Faceoff Wins : 29 - Blocked Shots : 5 - Penalty Minutes : 18

Official

Referees : Unknown
Linesman : Unknown

Game Notes

No Game Note

Finance

Level 1 -- Attendance: 5560 (92.67%) -- Ticket Income $417,000
Level 2 -- Attendance: 5000 (100.00%) -- Ticket Income $250,000
Level 3 -- Attendance: 1803 (90.15%) -- Ticket Income $45,075
Level 4 -- Attendance: 4000 (100.00%) -- Ticket Income $60,000
Luxury Box -- Attendance: 932 (93.20%) -- Ticket Income $163,100
Game was played at the St. Pete Times Forum.
Total Attendance: 17295 (96.08%)
Total Ticket Income: $935,175
Other Income: $458,236
Total Income: $1,393,411

Panthers

5 vs 5 Forward 
   Center                   Left Wing                Right Wing               Time % Phy DF OF 
 1 Ryan Johansen            Alex Galchenyuk          Nino Niederreiter        35     1   2  2  
 2 Charlie Coyle            Jakob Silfverberg        Brad Boyes               30     1   2  2  
 3 Kevin Hayes              Paul Byron               Jesper Fast              22     1   2  2  
 4 Curtis Lazar             Sean Bergenheim          Ryan Johansen            13     1   2  2  

5 vs 5 Defense 
   Defense                  Defense                                           Time % Phy DF OF 
 1 Simon Despres            Ron Hainsey                                       35     1   2  2  
 2 Carlo Colaiacovo         Lubomir Visnovsky                                 30     1   2  2  
 3 Calvin de Haan           Robert Bortuzzo                                   22     1   2  2  
 4 Simon Despres            Ron Hainsey                                       13     1   2  2  

PowerPlay Forward 
   Center                   Left Wing                Right Wing               Time % Phy DF OF 
 1 Kevin Hayes              Ryan Johansen            Nino Niederreiter        60     1   2  2  
 2 Charlie Coyle            Paul Byron               Brad Boyes               40     1   2  2  

PowerPlay Defense
   Defense                  Defense                                           Time % Phy DF OF 
 1 Robert Bortuzzo          Ron Hainsey                                       60     1   2  2  
 2 Simon Despres            Carlo Colaiacovo                                  40     1   2  2  

Penalty Kill 4 Players Forward 
   Center                   Wing                     Time % Phy DF OF 
 1 Kevin Hayes              Paul Byron               60     1   2  2  
 2 Nino Niederreiter        Charlie Coyle            40     1   2  2  

Penalty Kill 4 Players Defense
   Defense                  Defense                  Time % Phy DF OF 
 1 Calvin de Haan           Ron Hainsey              60     1   2  2  
 2 Simon Despres            Robert Bortuzzo          40     1   2  2  

Penalty Kill - 3 Players Forward 
   Forward                                           Time % Phy DF OF 
 1 Nino Niederreiter                                 60     1   2  2  
 2 Charlie Coyle                                     40     1   2  2  

Penalty Kill - 3 Players Defense
   Defense                  Defense                  Time % Phy DF OF 
 1 Calvin de Haan           Ron Hainsey              60     1   2  2  
 2 Simon Despres            Robert Bortuzzo          40     1   2  2  

4 vs 4 Forward 
   Center                   Wing                     Time % Phy DF OF 
 1 Paul Byron               Kevin Hayes              60     1   2  2  
 2 Nino Niederreiter        Charlie Coyle            40     1   2  2  

4 vs 4 Defense
   Defense                  Defense                  Time % Phy DF OF 
 1 Robert Bortuzzo          Ron Hainsey              60     1   2  2  
 2 Simon Despres            Carlo Colaiacovo         40     1   2  2  

Last Minutes Offensive
   Center                   Left Wing                Right Wing               Defense                  Defense                  
   Ryan Johansen            Alex Galchenyuk          Nino Niederreiter        Simon Despres            Ron Hainsey              

Last Minutes Defensive
   Center                   Left Wing                Right Wing               Defense                  Defense                  
   Ryan Johansen            Alex Galchenyuk          Nino Niederreiter        Simon Despres            Ron Hainsey              

Goaltenders
Starting : Michael Hutchinson       
Backup : Kevin Poulin             

Extra Forwards
Normal : Nino Niederreiter, Kevin Hayes, Paul Byron - PP : Nino Niederreiter, Kevin Hayes - PK : Paul Byron
Extra Defensemen
Normal : Simon Despres, Robert Bortuzzo, Ron Hainsey - PP : Ron Hainsey - PK : Robert Bortuzzo, Ron Hainsey
Penalty Shots
Kevin Hayes, Paul Byron, Nino Niederreiter, Charlie Coyle, Ryan Johansen

Lightning

5 vs 5 Forward 
   Center                   Left Wing                Right Wing               Time % Phy DF OF 
 1 Ryan Nugent-Hopkins      Alexander Steen          Patric Hornqvist         30     0   2  3  
 2 Brandon Dubinsky         Ondrej Palat             Ryan Strome              30     1   2  2  
 3 John Mitchell            Jiri Tlusty              Alex Chiasson            20     1   2  2  
 4 Derek MacKenzie          Matt Calvert             Leo Komarov              20     1   2  2  

5 vs 5 Defense 
   Defense                  Defense                                           Time % Phy DF OF 
 1 Ryan Suter               Tyson Barrie                                      34     1   2  2  
 2 Dmitry Kulikov           Marc Methot                                       33     1   2  2  
 3 Roman Polak              Michael Stone                                     33     1   2  2  
 4 Ryan Suter               Tyson Barrie                                      0      1   2  2  

PowerPlay Forward 
   Center                   Left Wing                Right Wing               Time % Phy DF OF 
 1 Ryan Nugent-Hopkins      Alexander Steen          Patric Hornqvist         50     0   1  4  
 2 Brandon Dubinsky         Ondrej Palat             Ryan Strome              50     1   1  3  

PowerPlay Defense
   Defense                  Defense                                           Time % Phy DF OF 
 1 Ryan Suter               Tyson Barrie                                      60     1   2  2  
 2 Dmitry Kulikov           Marc Methot                                       40     1   2  2  

Penalty Kill 4 Players Forward 
   Center                   Wing                     Time % Phy DF OF 
 1 Derek MacKenzie          Leo Komarov              50     1   4  0  
 2 Brandon Dubinsky         Matt Calvert             50     1   4  0  

Penalty Kill 4 Players Defense
   Defense                  Defense                  Time % Phy DF OF 
 1 Dmitry Kulikov           Roman Polak              50     1   4  0  
 2 Ryan Suter               Marc Methot              50     1   4  0  

Penalty Kill - 3 Players Forward 
   Forward                                           Time % Phy DF OF 
 1 Derek MacKenzie                                   50     1   4  0  
 2 Brandon Dubinsky                                  50     1   4  0  

Penalty Kill - 3 Players Defense
   Defense                  Defense                  Time % Phy DF OF 
 1 Dmitry Kulikov           Roman Polak              50     1   4  0  
 2 Ryan Suter               Marc Methot              50     1   4  0  

4 vs 4 Forward 
   Center                   Wing                     Time % Phy DF OF 
 1 Ryan Nugent-Hopkins      Patric Hornqvist         50     1   2  2  
 2 Brandon Dubinsky         Ondrej Palat             50     1   2  2  

4 vs 4 Defense
   Defense                  Defense                  Time % Phy DF OF 
 1 Ryan Suter               Tyson Barrie             50     1   2  2  
 2 Dmitry Kulikov           Marc Methot              50     1   2  2  

Last Minutes Offensive
   Center                   Left Wing                Right Wing               Defense                  Defense                  
   Ryan Nugent-Hopkins      Alexander Steen          Patric Hornqvist         Ryan Suter               Tyson Barrie             

Last Minutes Defensive
   Center                   Left Wing                Right Wing               Defense                  Defense                  
   Brandon Dubinsky         Alexander Steen          Leo Komarov              Ryan Suter               Roman Polak              

Goaltenders
Starting : Mike Smith               
Backup : Carey Price              

Extra Forwards
Normal : Ryan Nugent-Hopkins, Patric Hornqvist, Brandon Dubinsky - PP : Ryan Nugent-Hopkins, Patric Hornqvist - PK : Leo Komarov
Extra Defensemen
Normal : Ryan Suter, Dmitry Kulikov, Marc Methot - PP : Ryan Suter - PK : Roman Polak, Ryan Suter
Penalty Shots
Alexander Steen, Derek MacKenzie, Ryan Strome, Ryan Nugent-Hopkins, Patric Hornqvist

% Time on Ice - Panthers

Lines # - Real PCT - Wanted PCT - Time Play
Normal Forward
1 - 24% - 35% - 9:08
2 - 31% - 30% - 11:50
3 - 24% - 22% - 9:03
4 - 20% - 13% - 7:38
Normal Defense
1 - 34% - 35% - 12:49
2 - 36% - 30% - 13:36
3 - 25% - 22% - 9:33
4 - 4% - 13% - 1:41
PP Forward
1 - 55% - 60% - 9:21
2 - 45% - 40% - 7:31
PP Defense
1 - 55% - 60% - 9:19
2 - 45% - 40% - 7:33
PK Forward
1 - 99% - 60% - 4:38
2 - 1% - 40% - 0:03
PK Defense
1 - 90% - 60% - 4:12
2 - 10% - 40% - 0:29
PK3 Forward
1 - 0% - 60%
2 - 0% - 40%
PK3 Defense
1 - 0% - 60%
2 - 0% - 40%
44 Forward
1 - 100% - 60% - 1:07
2 - 0% - 40% - 0:00
44 Defense
1 - 46% - 60% - 0:31
2 - 54% - 40% - 0:36
Last Minute Offensive  - 0:00
Last Minute Defensive  - 0:00
Total
Forward - 60:19
Defense - 60:19

% Time on Ice - Lightning

Lines # - Real PCT - Wanted PCT - Time Play
Normal Forward
1 - 29% - 30% - 10:52
2 - 30% - 30% - 11:15
3 - 24% - 20% - 8:52
4 - 18% - 20% - 6:40
Normal Defense
1 - 35% - 34% - 13:03
2 - 29% - 33% - 11:06
3 - 32% - 33% - 12:07
4 - 4% - 0% - 1:23
PP Forward
1 - 54% - 50% - 2:31
2 - 46% - 50% - 2:10
PP Defense
1 - 79% - 60% - 3:42
2 - 21% - 40% - 0:59
PK Forward
1 - 50% - 50% - 8:23
2 - 50% - 50% - 8:29
PK Defense
1 - 48% - 50% - 8:01
2 - 52% - 50% - 8:51
PK3 Forward
1 - 100% - 50% - 0:02
2 - 0% - 50% - 0:00
PK3 Defense
1 - 100% - 50% - 0:02
2 - 0% - 50% - 0:00
44 Forward
1 - 45% - 50% - 0:29
2 - 55% - 50% - 0:36
44 Defense
1 - 45% - 50% - 0:29
2 - 55% - 50% - 0:36
Last Minute Offensive  - 0:00
Last Minute Defensive  - 0:00
Total
Forward - 60:19
Defense - 60:19

Play by Play

1st period


0:01 of 1st period - Ryan Johansen wins face-off versus Ryan Nugent-Hopkins in neutral zone.
0:04 of 1st period - Ryan Suter is hit by Simon Despres and loses puck.
0:21 of 1st period - Wrist shot by Alexander Steen.
0:21 of 1st period - Shot Misses the Net.
1:28 of 1st period - Icing by Brad Boyes.
1:29 of 1st period - John Mitchell wins face-off versus Charlie Coyle in Panthers zone.
2:44 of 1st period - Slapshot by Tyson Barrie.
2:44 of 1st period - Shot Blocked by Lubomir Visnovsky.
2:56 of 1st period - Snap shot by Kevin Hayes.
2:56 of 1st period - Shot Misses the Net.
3:04 of 1st period - Snap shot by Paul Byron.
3:04 of 1st period - Shot Misses the Net.
3:06 of 1st period - Snap shot by Jesper Fast.
3:06 of 1st period - Shot Misses the Net.
3:08 of 1st period - Wrist shot by Jesper Fast.
3:08 of 1st period - Stopped by Mike Smith with a rebound.
3:10 of 1st period - Wrist shot by Jesper Fast.
3:10 of 1st period - Stopped by Mike Smith with a rebound.
3:32 of 1st period - Wrist shot by Ryan Johansen.
3:32 of 1st period - Shot Blocked by Tyson Barrie.
3:40 of 1st period - Wrist shot by Sean Bergenheim.
3:40 of 1st period - Stopped by Mike Smith without a rebound.
3:41 of 1st period - Brandon Dubinsky wins face-off versus Alex Galchenyuk in Lightning zone.
3:43 of 1st period - Minor Penalty to Marc Methot for Tripping.
3:44 of 1st period - Derek MacKenzie wins face-off versus Kevin Hayes in Lightning zone.
4:36 of 1st period - Leo Komarov is hit by Simon Despres.
5:11 of 1st period - Snap shot by Ryan Johansen.
5:11 of 1st period - Stopped by Mike Smith without a rebound.
5:12 of 1st period - Brandon Dubinsky wins face-off versus Kevin Hayes in Lightning zone.
5:33 of 1st period - Off-side.
5:34 of 1st period - Kevin Hayes wins face-off versus Derek MacKenzie in neutral zone.
5:43 of 1st period - Penalty to Marc Methot is over, Marc Methot is back on ice.
6:40 of 1st period - Wrist shot by Jesper Fast.
6:40 of 1st period - Stopped by Mike Smith with a rebound.
6:44 of 1st period - Wrist shot by Kevin Hayes.
6:44 of 1st period - Stopped by Mike Smith with a rebound.
7:01 of 1st period - Wrist shot by Nino Niederreiter.
7:01 of 1st period - Shot Blocked by Matt Calvert.
7:03 of 1st period - Slapshot by Robert Bortuzzo.
7:03 of 1st period - Stopped by Mike Smith with a rebound.
7:33 of 1st period - Snap shot by Jiri Tlusty.
7:33 of 1st period - Shot Misses the Net.
7:39 of 1st period - Snap shot by John Mitchell.
7:39 of 1st period - Shot Misses the Net.
8:07 of 1st period - Paul Byron is hit by Patric Hornqvist and loses puck.
8:18 of 1st period - Wrist shot by Alexander Steen.
8:18 of 1st period - Shot Misses the Net.
8:34 of 1st period - Minor Penalty to Ryan Nugent-Hopkins for Tripping.
8:35 of 1st period - Derek MacKenzie wins face-off versus Kevin Hayes in Lightning zone.
8:46 of 1st period - Derek MacKenzie is hit by Carlo Colaiacovo and loses puck.
9:28 of 1st period - Dmitry Kulikov is hit by Curtis Lazar.
9:52 of 1st period - Leo Komarov is hit by Curtis Lazar.
10:11 of 1st period - Ondrej Palat is hit by Sean Bergenheim and loses puck.
10:16 of 1st period - Wrist shot by Nino Niederreiter.
10:16 of 1st period - Shot Misses the Net.
10:18 of 1st period - Slapshot by Ron Hainsey.
10:18 of 1st period - Shot Misses the Net.
10:20 of 1st period - Slapshot by Robert Bortuzzo.
10:20 of 1st period - Stopped by Mike Smith with a rebound.
10:22 of 1st period - Slapshot by Robert Bortuzzo.
10:22 of 1st period - Stopped by Mike Smith with a rebound.
10:24 of 1st period - Slapshot by Ron Hainsey.
10:24 of 1st period - Deflect By Nino Niederreiter.
10:24 of 1st period - Goal by Nino Niederreiter - Panthers : 1 - Lightning : 0.
10:25 of 1st period - Ryan Nugent-Hopkins wins face-off versus Ryan Johansen in neutral zone.
10:28 of 1st period - Wrist shot by Alexander Steen.
10:28 of 1st period - Shot Blocked by Ron Hainsey.
10:38 of 1st period - Wrist shot by Ryan Johansen.
10:38 of 1st period - Shot Misses the Net.
10:57 of 1st period - Jesper Fast is hit by Patric Hornqvist and loses puck.
11:20 of 1st period - Brad Boyes is hit by Patric Hornqvist.
11:48 of 1st period - Slapshot by Nino Niederreiter.
11:48 of 1st period - Shot Blocked by Ryan Suter.
11:50 of 1st period - Wrist shot by Nino Niederreiter.
11:50 of 1st period - Shot Misses the Net.
12:10 of 1st period - Wrist shot by Jesper Fast.
12:10 of 1st period - Shot Hit the Post.
12:12 of 1st period - Snap shot by Kevin Hayes.
12:12 of 1st period - Shot Misses the Net.
12:14 of 1st period - Slapshot by Lubomir Visnovsky.
12:14 of 1st period - Shot Misses the Net.
12:26 of 1st period - Paul Byron is hit by Dmitry Kulikov and loses puck.
12:33 of 1st period - Wrist shot by Alex Chiasson.
12:33 of 1st period - Stopped by Michael Hutchinson without a rebound.
12:34 of 1st period - Charlie Coyle wins face-off versus Brandon Dubinsky in Panthers zone.
12:47 of 1st period - Backhand shot by Jakob Silfverberg.
12:47 of 1st period - Shot Misses the Net.
13:39 of 1st period - Off-side.
13:40 of 1st period - Curtis Lazar wins face-off versus Jiri Tlusty in neutral zone.
13:55 of 1st period - Robert Bortuzzo is hit by Roman Polak and loses puck.
14:07 of 1st period - Lubomir Visnovsky is hit by Alex Chiasson and loses puck.
14:13 of 1st period - Icing by Ryan Johansen.
14:14 of 1st period - Derek MacKenzie wins face-off versus Curtis Lazar in Panthers zone.
14:19 of 1st period - Snap shot by Matt Calvert.
14:19 of 1st period - Deflect By Derek MacKenzie.
14:19 of 1st period - Stopped by Michael Hutchinson with a rebound.
15:00 of 1st period - Minor Penalty to Tyson Barrie for Hooking.
15:01 of 1st period - Kevin Hayes wins face-off versus Matt Calvert in Lightning zone.
15:57 of 1st period - Dmitry Kulikov is hit by Nino Niederreiter and loses puck.
16:38 of 1st period - Simon Despres is hit by Brandon Dubinsky.
17:00 of 1st period - Penalty to Tyson Barrie is over, Tyson Barrie is back on ice.
17:05 of 1st period - Roman Polak is hit by Nino Niederreiter and loses puck.
17:34 of 1st period - Snap shot by Ryan Nugent-Hopkins.
17:34 of 1st period - Stopped by Michael Hutchinson without a rebound.
17:35 of 1st period - Nino Niederreiter wins face-off versus Ryan Nugent-Hopkins in Panthers zone.
17:35 of 1st period - Nino Niederreiter is hit by Ryan Nugent-Hopkins.
17:58 of 1st period - Ryan Suter is hit by Paul Byron.
18:17 of 1st period - Jiri Tlusty is hit by Curtis Lazar and loses puck.
18:22 of 1st period - Wrist shot by Ryan Johansen.
18:22 of 1st period - Shot Misses the Net.
18:24 of 1st period - Slapshot by Calvin de Haan.
18:24 of 1st period - Stopped by Mike Smith without a rebound.
18:25 of 1st period - John Mitchell wins face-off versus Curtis Lazar in Lightning zone.
18:37 of 1st period - Icing by Ron Hainsey.
18:38 of 1st period - Curtis Lazar wins face-off versus Brandon Dubinsky in Panthers zone.
18:38 of 1st period - Curtis Lazar is hit by Brandon Dubinsky.
18:59 of 1st period - Minor Penalty to Jakob Silfverberg for Holding.
19:00 of 1st period - Kevin Hayes wins face-off versus Ryan Nugent-Hopkins in Panthers zone.
19:14 of 1st period - Slapshot by Patric Hornqvist.
19:14 of 1st period - Stopped by Michael Hutchinson with a rebound.
Goals for this period are 1 for Panthers vs 0 for Lightning.
Shots for this period are 11 for Panthers vs 4 for Lightning.

2nd period


0:01 of 2nd period - Brandon Dubinsky wins face-off versus Paul Byron in neutral zone.
0:59 of 2nd period - Penalty to Jakob Silfverberg is over, Jakob Silfverberg is back on ice.
0:59 of 2nd period - Alexander Steen is hit by Ron Hainsey and loses puck.
1:50 of 2nd period - Wrist shot by Leo Komarov.
1:50 of 2nd period - Shot Misses the Net.
1:52 of 2nd period - Slapshot by Dmitry Kulikov.
1:52 of 2nd period - Stopped by Michael Hutchinson with a rebound.
1:54 of 2nd period - Wrist shot by Leo Komarov.
1:54 of 2nd period - Deflect By Lubomir Visnovsky.
1:54 of 2nd period - Shot Misses the Net.
1:54 of 2nd period - Puck is out of play.
1:55 of 2nd period - Charlie Coyle wins face-off versus John Mitchell in Panthers zone.
2:21 of 2nd period - Snap shot by Charlie Coyle.
2:21 of 2nd period - Stopped by Mike Smith without a rebound.
2:22 of 2nd period - Curtis Lazar wins face-off versus Ondrej Palat in Lightning zone.
2:48 of 2nd period - Slapshot by Brandon Dubinsky.
2:48 of 2nd period - Shot Blocked by Lubomir Visnovsky.
2:50 of 2nd period - Slapshot by Ryan Suter.
2:50 of 2nd period - Shot Blocked by Lubomir Visnovsky.
2:56 of 2nd period - Wrist shot by Brandon Dubinsky.
2:56 of 2nd period - Shot Misses the Net.
3:00 of 2nd period - Snap shot by Ondrej Palat.
3:00 of 2nd period - Shot Misses the Net.
4:01 of 2nd period - Ron Hainsey is hit by Ryan Nugent-Hopkins and loses puck.
4:16 of 2nd period - Slapshot by Ryan Nugent-Hopkins.
4:16 of 2nd period - Shot Misses the Net.
4:18 of 2nd period - Snap shot by Patric Hornqvist.
4:18 of 2nd period - Stopped by Michael Hutchinson with a rebound.
4:20 of 2nd period - Slapshot by Ryan Nugent-Hopkins.
4:20 of 2nd period - Shot Misses the Net.
4:22 of 2nd period - Slapshot by Michael Stone.
4:22 of 2nd period - Deflect By Alexander Steen.
4:22 of 2nd period - Shot Blocked by Jesper Fast.
4:22 of 2nd period - Puck is out of play.
4:23 of 2nd period - Ryan Johansen wins face-off versus John Mitchell in Panthers zone.
4:30 of 2nd period - Snap shot by Nino Niederreiter.
4:30 of 2nd period - Shot Misses the Net.
5:18 of 2nd period - Roman Polak is hit by Jakob Silfverberg and loses puck.
5:55 of 2nd period - Off-side.
5:56 of 2nd period - Brandon Dubinsky wins face-off versus Curtis Lazar in neutral zone.
6:12 of 2nd period - Wrist shot by Brandon Dubinsky.
6:12 of 2nd period - Stopped by Michael Hutchinson with a rebound.
6:30 of 2nd period - Icing by Simon Despres.
6:31 of 2nd period - Derek MacKenzie wins face-off versus Charlie Coyle in Panthers zone.
6:35 of 2nd period - Minor Penalty to Charlie Coyle for Hooking.
6:36 of 2nd period - Kevin Hayes wins face-off versus Ryan Nugent-Hopkins in Panthers zone.
7:24 of 2nd period - Kevin Hayes is hit by Brandon Dubinsky and loses puck.
7:46 of 2nd period - Minor Penalty to Brandon Dubinsky for Tripping.
7:47 of 2nd period - Paul Byron wins face-off versus Ryan Nugent-Hopkins in Lightning zone.
8:20 of 2nd period - Slapshot by Paul Byron.
8:20 of 2nd period - Shot Hit the Post.
8:22 of 2nd period - Snap shot by Simon Despres.
8:22 of 2nd period - Deflect By Kevin Hayes.
8:22 of 2nd period - Shot Misses the Net.
8:22 of 2nd period - Puck is out of play.
8:23 of 2nd period - Paul Byron wins face-off versus Ryan Nugent-Hopkins in Lightning zone.
8:35 of 2nd period - Penalty to Charlie Coyle is over, Charlie Coyle is back on ice.
9:12 of 2nd period - Wrist shot by Ryan Johansen.
9:12 of 2nd period - Shot Blocked by Ryan Suter.
9:14 of 2nd period - Slapshot by Simon Despres.
9:14 of 2nd period - Deflect By Ryan Suter.
9:14 of 2nd period - Stopped by Mike Smith without a rebound.
9:15 of 2nd period - Brad Boyes wins face-off versus Leo Komarov in Lightning zone.
9:24 of 2nd period - Snap shot by Brad Boyes.
9:24 of 2nd period - Stopped by Mike Smith without a rebound.
9:25 of 2nd period - Charlie Coyle wins face-off versus Leo Komarov in Lightning zone.
9:38 of 2nd period - Slapshot by Charlie Coyle.
9:38 of 2nd period - Stopped by Mike Smith with a rebound.
9:40 of 2nd period - Wrist shot by Nino Niederreiter.
9:40 of 2nd period - Stopped by Mike Smith with a rebound.
9:42 of 2nd period - Slapshot by Carlo Colaiacovo.
9:42 of 2nd period - Shot Misses the Net.
9:44 of 2nd period - Snap shot by Nino Niederreiter.
9:44 of 2nd period - Shot Misses the Net.
9:46 of 2nd period - Penalty to Brandon Dubinsky is over, Brandon Dubinsky is back on ice.
9:46 of 2nd period - Slapshot by Nino Niederreiter.
9:46 of 2nd period - Shot Misses the Net.
9:48 of 2nd period - Slapshot by Simon Despres.
9:48 of 2nd period - Deflect By Matt Calvert.
9:48 of 2nd period - Stopped by Mike Smith with a rebound.
9:50 of 2nd period - Snap shot by Nino Niederreiter.
9:50 of 2nd period - Deflect By Brad Boyes.
9:50 of 2nd period - Shot Misses the Net.
9:50 of 2nd period - Puck is out of play.
9:51 of 2nd period - Curtis Lazar wins face-off versus Ondrej Palat in Lightning zone.
9:54 of 2nd period - Wrist shot by Ryan Johansen.
9:54 of 2nd period - Shot Misses the Net.
9:56 of 2nd period - Slapshot by Calvin de Haan.
9:56 of 2nd period - Stopped by Mike Smith with a rebound.
9:58 of 2nd period - Slapshot by Robert Bortuzzo.
9:58 of 2nd period - Shot Misses the Net.
10:06 of 2nd period - Slapshot by Sean Bergenheim.
10:06 of 2nd period - Shot Hit the Post.
10:08 of 2nd period - Slapshot by Robert Bortuzzo.
10:08 of 2nd period - Stopped by Mike Smith with a rebound.
10:19 of 2nd period - Minor Penalty to Tyson Barrie for Hooking.
10:20 of 2nd period - Derek MacKenzie wins face-off versus Kevin Hayes in Lightning zone.
10:28 of 2nd period - Ryan Suter is hit by Nino Niederreiter and loses puck.
10:33 of 2nd period - Wrist shot by Ryan Johansen.
10:33 of 2nd period - Shot Misses the Net.
10:35 of 2nd period - Slapshot by Ron Hainsey.
10:35 of 2nd period - Shot Misses the Net.
11:51 of 2nd period - Slapshot by Brandon Dubinsky.
11:51 of 2nd period - Stopped by Michael Hutchinson with a rebound.
12:19 of 2nd period - Penalty to Tyson Barrie is over, Tyson Barrie is back on ice.
12:27 of 2nd period - Wrist shot by Ryan Johansen.
12:27 of 2nd period - Shot Hit the Post.
12:29 of 2nd period - Slapshot by Carlo Colaiacovo.
12:29 of 2nd period - Shot Misses the Net.
12:31 of 2nd period - Snap shot by Ryan Johansen.
12:31 of 2nd period - Stopped by Mike Smith with a rebound.
12:33 of 2nd period - Slapshot by Carlo Colaiacovo.
12:33 of 2nd period - Stopped by Mike Smith with a rebound.
12:35 of 2nd period - Wrist shot by Ryan Johansen.
12:35 of 2nd period - Stopped by Mike Smith with a rebound.
12:37 of 2nd period - Snap shot by Curtis Lazar.
12:37 of 2nd period - Goal by Curtis Lazar - Panthers : 2 - Lightning : 0.
12:38 of 2nd period - Charlie Coyle wins face-off versus Ryan Nugent-Hopkins in neutral zone.
13:05 of 2nd period - Snap shot by Brad Boyes.
13:05 of 2nd period - Shot Blocked by Michael Stone.
13:07 of 2nd period - Snap shot by Simon Despres.
13:07 of 2nd period - Shot Misses the Net.
13:27 of 2nd period - Slapshot by John Mitchell.
13:27 of 2nd period - Stopped by Michael Hutchinson with a rebound.
13:29 of 2nd period - Slapshot by John Mitchell.
13:29 of 2nd period - Stopped by Michael Hutchinson with a rebound.
14:13 of 2nd period - Jesper Fast is hit by Ryan Suter and loses puck.
14:24 of 2nd period - Slapshot by Leo Komarov.
14:24 of 2nd period - Stopped by Michael Hutchinson without a rebound.
14:25 of 2nd period - Brandon Dubinsky wins face-off versus Kevin Hayes in Panthers zone.
14:52 of 2nd period - Snap shot by Charlie Coyle.
14:52 of 2nd period - Stopped by Mike Smith with a rebound.
15:16 of 2nd period - Sean Bergenheim is hit by Dmitry Kulikov and loses puck.
16:42 of 2nd period - Slapshot by Ryan Suter.
16:42 of 2nd period - Stopped by Michael Hutchinson with a rebound.
16:44 of 2nd period - Backhand shot by Derek MacKenzie.
16:44 of 2nd period - Goal by Derek MacKenzie - Panthers : 2 - Lightning : 1.
16:45 of 2nd period - Ryan Johansen wins face-off versus Brandon Dubinsky in neutral zone.
16:58 of 2nd period - Snap shot by Brandon Dubinsky.
16:58 of 2nd period - Stopped by Michael Hutchinson with a rebound.
17:00 of 2nd period - Slapshot by Michael Stone.
17:00 of 2nd period - Shot Blocked by Ron Hainsey.
17:02 of 2nd period - Wrist shot by Brandon Dubinsky.
17:02 of 2nd period - Shot Misses the Net.
17:04 of 2nd period - Slapshot by Roman Polak.
17:04 of 2nd period - Stopped by Michael Hutchinson with a rebound.
17:06 of 2nd period - Snap shot by Michael Stone.
17:06 of 2nd period - Shot Misses the Net.
17:08 of 2nd period - Backhand shot by Brandon Dubinsky.
17:08 of 2nd period - Stopped by Michael Hutchinson with a rebound.
17:10 of 2nd period - Slapshot by Roman Polak.
17:10 of 2nd period - Stopped by Michael Hutchinson with a rebound.
17:56 of 2nd period - Minor Penalty to Michael Stone for Boarding.
17:57 of 2nd period - Derek MacKenzie wins face-off versus Charlie Coyle in Lightning zone.
18:05 of 2nd period - Off-side.
18:06 of 2nd period - Derek MacKenzie wins face-off versus Charlie Coyle in neutral zone.
18:31 of 2nd period - Brandon Dubinsky is hit by Charlie Coyle and loses puck.
18:54 of 2nd period - Snap shot by Ryan Johansen.
18:54 of 2nd period - Shot Misses the Net.
19:16 of 2nd period - Snap shot by Nino Niederreiter.
19:16 of 2nd period - Shot Misses the Net.
19:56 of 2nd period - Penalty to Michael Stone is over, Michael Stone is back on ice.
19:57 of 2nd period - Minor Penalty to Ryan Johansen for Hooking.
19:58 of 2nd period - Ryan Nugent-Hopkins wins face-off versus Kevin Hayes in Panthers zone.
Goals for this period are 1 for Panthers vs 1 for Lightning.
Shots for this period are 13 for Panthers vs 13 for Lightning.

3rd period


0:01 of 3rd period - Brandon Dubinsky wins face-off versus Kevin Hayes in neutral zone.
0:38 of 3rd period - Snap shot by Brandon Dubinsky.
0:38 of 3rd period - Shot Misses the Net.
1:01 of 3rd period - Robert Bortuzzo is hit by Tyson Barrie and loses puck.
1:14 of 3rd period - Wrist shot by Ryan Nugent-Hopkins.
1:14 of 3rd period - Stopped by Michael Hutchinson with a rebound.
1:16 of 3rd period - Slapshot by Dmitry Kulikov.
1:16 of 3rd period - Shot Blocked by Paul Byron.
1:18 of 3rd period - Slapshot by Dmitry Kulikov.
1:18 of 3rd period - Shot Blocked by Kevin Hayes.
1:20 of 3rd period - Wrist shot by Ryan Nugent-Hopkins.
1:20 of 3rd period - Deflect By Patric Hornqvist.
1:20 of 3rd period - Goal by Patric Hornqvist - Panthers : 2 - Lightning : 2.
1:21 of 3rd period - Derek MacKenzie wins face-off versus Ryan Johansen in neutral zone.
1:26 of 3rd period - Slapshot by Dmitry Kulikov.
1:26 of 3rd period - Stopped by Michael Hutchinson without a rebound.
1:27 of 3rd period - Ryan Johansen wins face-off versus Derek MacKenzie in Panthers zone.
1:27 of 3rd period - Ryan Johansen is hit by Leo Komarov.
1:44 of 3rd period - Minor Penalty to Marc Methot for Cross-checking.
1:45 of 3rd period - Brandon Dubinsky wins face-off versus Kevin Hayes in Lightning zone.
2:33 of 3rd period - Snap shot by Charlie Coyle.
2:33 of 3rd period - Shot Misses the Net.
2:37 of 3rd period - Wrist shot by Charlie Coyle.
2:37 of 3rd period - Stopped by Mike Smith without a rebound.
2:38 of 3rd period - Paul Byron wins face-off versus Derek MacKenzie in Lightning zone.
2:39 of 3rd period - Snap shot by Charlie Coyle.
2:39 of 3rd period - Shot Misses the Net.
3:42 of 3rd period - Kevin Hayes is hit by Brandon Dubinsky and loses puck.
3:44 of 3rd period - Penalty to Marc Methot is over, Marc Methot is back on ice.
3:48 of 3rd period - Off-side.
3:49 of 3rd period - Charlie Coyle wins face-off versus Ryan Nugent-Hopkins in neutral zone.
3:55 of 3rd period - Minor Penalty to Marc Methot for Hooking.
3:56 of 3rd period - Brandon Dubinsky wins face-off versus Charlie Coyle in Lightning zone.
5:13 of 3rd period - Slapshot by Ryan Johansen.
5:13 of 3rd period - Stopped by Mike Smith without a rebound.
5:14 of 3rd period - Derek MacKenzie wins face-off versus Kevin Hayes in Lightning zone.
5:49 of 3rd period - Brad Boyes is hit by Brandon Dubinsky.
5:55 of 3rd period - Penalty to Marc Methot is over, Marc Methot is back on ice.
6:04 of 3rd period - Nino Niederreiter is hit by Matt Calvert and loses puck.
7:14 of 3rd period - John Mitchell is hit by Alex Galchenyuk.
8:42 of 3rd period - Wrist shot by Alex Galchenyuk.
8:42 of 3rd period - Shot Misses the Net.
9:14 of 3rd period - Robert Bortuzzo is hit by Ryan Nugent-Hopkins and loses puck.
10:54 of 3rd period - Dmitry Kulikov is hit by Simon Despres.
11:22 of 3rd period - Leo Komarov is hit by Carlo Colaiacovo and loses puck.
11:39 of 3rd period - Wrist shot by Kevin Hayes.
11:39 of 3rd period - Shot Misses the Net.
12:24 of 3rd period - Snap shot by Jakob Silfverberg.
12:24 of 3rd period - Shot Misses the Net.
12:26 of 3rd period - Backhand shot by Ron Hainsey.
12:26 of 3rd period - Stopped by Mike Smith with a rebound.
12:52 of 3rd period - Roman Polak is hit by Calvin de Haan and loses puck.
13:03 of 3rd period - Wrist shot by Brad Boyes.
13:03 of 3rd period - Stopped by Mike Smith with a rebound.
13:05 of 3rd period - Slapshot by Carlo Colaiacovo.
13:05 of 3rd period - Deflect By Alex Chiasson.
13:05 of 3rd period - Stopped by Mike Smith with a rebound.
13:07 of 3rd period - Backhand shot by Alex Galchenyuk.
13:07 of 3rd period - Shot Misses the Net.
13:15 of 3rd period - Wrist shot by Nino Niederreiter.
13:15 of 3rd period - Goal by Nino Niederreiter - Panthers : 3 - Lightning : 2.
13:16 of 3rd period - Brandon Dubinsky wins face-off versus Nino Niederreiter in neutral zone.
13:25 of 3rd period - Ryan Strome is hit by Alex Galchenyuk and loses puck.
13:44 of 3rd period - Snap shot by Ondrej Palat.
13:44 of 3rd period - Stopped by Michael Hutchinson without a rebound.
13:45 of 3rd period - Ryan Nugent-Hopkins wins face-off versus Charlie Coyle in Panthers zone.
13:50 of 3rd period - Snap shot by Patric Hornqvist.
13:50 of 3rd period - Deflect By Alexander Steen.
13:50 of 3rd period - Stopped by Michael Hutchinson without a rebound.
13:51 of 3rd period - Ryan Nugent-Hopkins wins face-off versus Charlie Coyle in Panthers zone.
14:40 of 3rd period - Ryan Suter is hit by Lubomir Visnovsky and loses puck.
14:53 of 3rd period - Slapshot by Brandon Dubinsky.
14:53 of 3rd period - Stopped by Michael Hutchinson without a rebound.
14:54 of 3rd period - Brandon Dubinsky wins face-off versus Curtis Lazar in Panthers zone.
14:55 of 3rd period - Slapshot by Ondrej Palat.
14:55 of 3rd period - Shot Blocked by Ryan Johansen.
15:01 of 3rd period - Ryan Suter is hit by Simon Despres and loses puck.
15:51 of 3rd period - Ryan Suter is hit by Ryan Johansen and loses puck.
16:20 of 3rd period - Charlie Coyle is hit by Ryan Suter and loses puck.
16:25 of 3rd period - Snap shot by Jiri Tlusty.
16:25 of 3rd period - Stopped by Michael Hutchinson with a rebound.
16:27 of 3rd period - Slapshot by Roman Polak.
16:27 of 3rd period - Stopped by Michael Hutchinson without a rebound.
16:28 of 3rd period - Jakob Silfverberg wins face-off versus John Mitchell in Panthers zone.
17:03 of 3rd period - Lubomir Visnovsky is hit by Roman Polak.
17:30 of 3rd period - Minor Penalty to Simon Despres for Slashing.
17:31 of 3rd period - Ryan Nugent-Hopkins wins face-off versus Kevin Hayes in Panthers zone.
17:38 of 3rd period - Wrist shot by Ryan Nugent-Hopkins.
17:38 of 3rd period - Goal by Ryan Nugent-Hopkins - Panthers : 3 - Lightning : 3.
17:39 of 3rd period - Ryan Nugent-Hopkins wins face-off versus Charlie Coyle in neutral zone.
17:48 of 3rd period - Ron Hainsey is hit by Patric Hornqvist and loses puck.
18:02 of 3rd period - Minor Penalty to Patric Hornqvist for Cross-checking.
18:03 of 3rd period - Brandon Dubinsky wins face-off versus Kevin Hayes in Lightning zone.
18:03 of 3rd period - Brandon Dubinsky is hit by Nino Niederreiter.
18:59 of 3rd period - Snap shot by Paul Byron.
18:59 of 3rd period - Stopped by Mike Smith with a rebound.
19:01 of 3rd period - Slapshot by Carlo Colaiacovo.
19:01 of 3rd period - Deflect By Brandon Dubinsky.
19:01 of 3rd period - Stopped by Mike Smith with a rebound.
19:27 of 3rd period - Carlo Colaiacovo is hit by Dmitry Kulikov.
Goals for this period are 1 for Panthers vs 2 for Lightning.
Shots for this period are 8 for Panthers vs 9 for Lightning.

Overtime #1


0:01 of 1st overtime period - Derek MacKenzie wins face-off versus Paul Byron in neutral zone.
0:02 of 1st overtime period - Penalty to Patric Hornqvist is over, Patric Hornqvist is back on ice.
0:04 of 1st overtime period - Snap shot by Dmitry Kulikov.
0:04 of 1st overtime period - Stopped by Michael Hutchinson without a rebound.
0:05 of 1st overtime period - Paul Byron wins face-off versus Derek MacKenzie in Panthers zone.
0:05 of 1st overtime period - Paul Byron is hit by Roman Polak.
0:19 of 1st overtime period - Wrist shot by Kevin Hayes.
0:19 of 1st overtime period - Goal by Kevin Hayes - Panthers : 4 - Lightning : 3.
Goals for this period are 1 for Panthers vs 0 for Lightning.
Shots for this period are 1 for Panthers vs 1 for Lightning.